 Dungeon Crawl Stone Soup version 0.16.1-2-g95b8d4c (webtiles) character file.

1973 magipi the Spear-Bearer (level 9, -10/70 HPs)
             Began as a Centaur Gladiator on Mar 25, 2015.
             Was a Believer of Fedhas.
             Engulfed by a cloud of flame (15 damage)
             ... on level 7 of the Dungeon.
             The game lasted 00:40:06 (6796 turns).

magipi the Spear-Bearer (Centaur Gladiator)         Turns: 6796, Time: 00:40:06

Health: -10/70     AC:  9    Str: 17    XL:     9   Next: 0%
Magic:  7/7        EV: 10    Int:  7    God:    Fedhas [**....]
Gold:   365        SH:  0    Dex: 14    Spells: 0 memorised, 8 levels left

rFire  . . .     SeeInvis .     a - +1 trident
rCold  + . .     Clarity  .     N - +1 leather armour {rC+}
rNeg   + . .     SustAb   .     (no shield)
rPois  .         Gourm    .     c - +0 helmet
rElec  .         Spirit   .     H - +1 cloak
rCorr  .         Warding  .     C - +0 pair of gloves
rMut   .         Stasis   .     (no barding)
MR     .....                    (no amulet)
Stlth  +.........               (no ring)
                                l - ring of positive energy

@: very quick, not resistant to hostile enchantments, very unstealthy
A: hooves 3, deformed body, speed 2, tough skin 3
a: Evolution, Sunlight, Renounce Religion


You were on level 7 of the Dungeon.
You worshipped Fedhas.
Fedhas was pleased with you.
You were not hungry.

You visited 1 branch of the dungeon, and saw 7 of its levels.

You collected 365 gold pieces.

Inventory:

Hand weapons
 a - a +1 trident (weapon)
 b - a +0 blowgun
Missiles
 d - 3 throwing nets
 h - 63 poisoned needles
 n - 8 tomahawks
 K - 8 javelins (quivered)
Armour
 c - a +0 helmet (worn)
 C - a +0 pair of gloves (worn)
 H - a +1 cloak (worn)
 N - a +1 leather armour of cold resistance (worn)
Jewellery
 l - a ring of positive energy (left hand)
Magical devices
 g - a wand of slowing (25)
 A - a wand of lightning (3)
 M - a wand of slowing (25)
 O - a wand of heal wounds (2)
Scrolls
 q - 2 scrolls of amnesia
 y - a scroll of remove curse
 D - a scroll of magic mapping
 L - a scroll of identify
Potions
 e - 2 potions of curing
 o - a potion of agility
 p - a potion of brilliance
 r - a potion of beneficial mutation {unknown}
 s - a potion of degeneration {unknown}
 t - a potion of might {unknown}
 v - 2 potions of cancellation
 w - a potion of berserk rage {unknown}
 x - 2 potions of restore abilities
 E - a potion of haste {unknown}
 J - 2 potions of magic
Comestibles
 f - 4 bread rations
 j - 3 beef jerkies
 m - a meat ration
 G - a royal jelly


   Skills:
 + Level 3.5 Fighting
 - Level 10.3 Polearms
 - Level 2.6 Throwing
 + Level 3.1 Dodging


You had 8 spell levels left.
You didn't know any spells.

Dungeon Overview and Level Annotations

Branches:
Dungeon (7/15)
 Temple: D:4-7

Altars:
Fedhas
Gozag
Zin

Shops:
D:3 *   D:7 }

Annotations:
D:2 Sigmund
D:7 Chronobunny's ghost, experienced OgBe; Dowan; Duvessa; Menkaure


Innate Abilities, Weirdness & Mutations

You have hooves in place of feet.
Armour fits poorly on your strangely shaped body.
You cover ground very quickly.
You have extremely tough skin (AC +3).

Vault maps used:
D:1:      ldierk_water_garden, minivault_11
D:2:      minitemple, uniq_sigmund, uniq_jessica, uniq_iyjb
D:3:      nicolae_overflow_hidden_temple, nicolae_gozag_zags_fifth_avenue
D:4:      minmay_opposing_rooms, first_bread, minmay_misc_feat_hallway
D:5:      lemuel_doored_altar
D:6:      lemuel_upstairs_altar, sword_in_stone
D:7:      minmay_temple_entry_fiery, serial_shops, shop, enter_ossuary_4,
          uniq_menkaure, uniq_prince_ribbit1, uniq_duvessa


Message History

Blink to where?
Press: ? - help, Dir - move target cursor, f - you Are you sure you want to cancel this blink?
Blink to where?
Press: ? - help, Dir - move target cursor, f - you Are you sure you want to cancel this blink?
Okay, then.
As you read the scroll labeled LAROLU ZIWKAUR, it crumbles to dust.
It was a scroll of blinking.
The giant frog hits you. The giant frog closely misses you.
Read which item? (? for menu, Esc to quit)
As you read the scroll labeled NICAPH OQOUCK, it crumbles to dust.
The dust glows faint beige!
It was a scroll of random uselessness.
Prince Ribbit barely misses you. The giant frog hits you.
Prince Ribbit blinks!
Unknown command.
A kobold comes into view. It is wielding a short sword.
The kobold shouts!
Read which item? (? for menu, Esc to quit)
As you read the scroll labeled MAENIFAOSI, it crumbles to dust.
It is a scroll of enchant weapon.
Enchant which weapon? (? for menu, Esc to quit)
Your +0 trident glows red for a moment.
The giant frog barely misses you.
Prince Ribbit croaks regally.
The giant frog barely misses you.
Read which item? (? for menu, Esc to quit)
As you read the scroll labeled CRIOMUD MNAMN, it crumbles to dust.
The creatures around you are filled with an inner flame!
It was a scroll of immolation.
The giant frog hits you.
Unknown command.
Read which item? (? for menu, Esc to quit)
As you read the scroll labeled BREZAACEWK, it crumbles to dust.
It is a scroll of enchant armour.
Enchant which item? (? for menu, Esc to quit)
Your +0 cloak glows green for a moment.
The giant frog closely misses you.
Prince Ribbit blinks!
The giant frog barely misses you.
Unknown command.
The kobold throws a stone.
The stone hits you but does no damage.
You see here a stone.
The kobold barely misses you.
You hit the kobold.
The kobold explodes!
The fiery explosion engulfs Prince Ribbit.
Prince Ribbit is almost dead.
The fiery explosion engulfs you!
You are engulfed in roaring flames.
* * * LOW HITPOINT WARNING * * *
You hear a bark!
You hear a shout!
Prince Ribbit is engulfed in roaring flames.
Prince Ribbit explodes!
Your base Dodging skill increases to level 3!
You have reached level 9!
Your experience leads to an increase in your attributes!
Increase (S)trength, (I)ntelligence, or (D)exterity?
You feel agile.
Your life force feels restored.
The giant frog hits you.
* * * LOW HITPOINT WARNING * * *
A jackal comes into view.
Drink which item? (? for menu, Esc to quit)
You feel much better.
You are engulfed in roaring flames.
* * * LOW HITPOINT WARNING * * *
The giant frog hits you.
* * * LOW HITPOINT WARNING * * *
The giant frog hits you but does no damage.
Read which item? (? for menu, Esc to quit)
Okay, then.
You are engulfed in roaring flames.
* * * LOW HITPOINT WARNING * * *
You see here a short sword.
Drink which item? (? for menu, Esc to quit)
You feel much better.
You are engulfed in roaring flames.
* * * LOW HITPOINT WARNING * * *
A jackal comes into view.
You are engulfed in roaring flames.
* * * LOW HITPOINT WARNING * * *
The ogre shouts!
Unknown command.
Drink which item? (? for menu, Esc to quit)
Okay, then.
Read which item? (? for menu, Esc to quit)
Okay, then.
Drink which item? (? for menu, Esc to quit)
You feel much better.
You hear the hiss of an avalanche of sand nearby.
You are engulfed in roaring flames.
* * * LOW HITPOINT WARNING * * *
Read which item? (? for menu, Esc to quit)
Okay, then.
Drink which item? (? for menu, Esc to quit)
Okay, then.
Read which item? (? for menu, Esc to quit)
Okay, then.
You are engulfed in roaring flames.
* * * LOW HITPOINT WARNING * * *
The jackal bites you but does no damage.
Found a stone staircase leading down.
A jackal comes into view.
The jackal barks!
You hit the jackal but do no damage.
You are engulfed in roaring flames.
You die...
Fedhas appreciates your contribution to the ecosystem.

*,* *,* *,* *,* *,*
######## *##*,* #.......
*,..>* #.......
*,*#%###########.......
*,*#.h@§§§FzazO'.......
*,*#.h##########M......
*,*#..* ###.......
**,*#..** #......z..
*,,,...,* #.######..
*,,##.h,* #a*,,,,#..
*,,*#..,******#.***,,#..
*,,,..>,,,,,,,.M,,,,∩#?.
*,,**,#,******..***,,#..


You could see a giant frog (inner flame), a wight (inner flame) and 3 jackals.

Table legend:
 A = Kills in this place as a percentage of kills in entire the game.
 B = Kills by you in this place as a percentage of kills by you in the entire game.
 C = Kills by friends in this place as a percentage of kills by friends in the entire game.
 D = Other kills in this place as a percentage of other kills in the entire game.
 E = Experience gained in this place as a percentage of experience gained in the entire game.
 F = Experience gained in this place divided by the number of levels of this place that you have seen.
                   A       B       C       D       E      F
               +-------+-------+-------+-------+-------+----------------------
         Total | 100.0 | 100.0 | 100.0 |  -nan | 100.0 | 402.7
       Dungeon | 100.0 | 100.0 | 100.0 |  -nan | 100.0 | 402.7
               +-------+-------+-------+-------+-------+----------------------

Vanquished Creatures
  Prince Ribbit (D:7)
  A yak (D:4)
  An orc warrior (D:6)
  3 ogres
  A centaur (D:5)
  A giant frog (D:7)
  2 gnoll sergeants (D:6)
  3 scorpions
  3 wights (D:6)
  A centaur zombie (D:4)
  2 hounds
  An orc priest (D:4)
  2 orc wizards
  3 worker ants
  A hound zombie (D:6)
  8 adders
  5 gnolls (D:4)
  A worm (D:3)
  An ooze (D:6)
  21 orcs
  2 giant cockroaches
  8 hobgoblins
  9 kobolds
  4 quokkas
  A ball python (D:4)
  11 bats
  5 giant geckos
  A giant gecko skeleton (D:5)
  5 giant newts
  9 goblins
  5 jackals
  A jackal skeleton (D:4)
  2 quokka skeletons (D:6)
  6 rats
131 creatures vanquished.

Vanquished Creatures (collateral kills)
  A deep elf fighter (D:6)
  A sky beast (D:5)
  A necrophage (D:6)
  A giant frog zombie (D:6)
  A hound (D:5)
  An orc wizard (D:5)
  An orc (D:5)
7 creatures vanquished.

Vanquished Creatures (others)
  A wandering mushroom (D:6)
  69 toadstools
70 creatures vanquished.

Grand Total: 208 creatures vanquished

Notes
Turn   | Place    | Note
--------------------------------------------------------------
     0 | D:1      | magipi, the Centaur Gladiator, began the quest for the Orb.
     0 | D:1      | Reached XP level 1. HP: 17/17 MP: 1/1
    85 | D:1      | Reached skill level 3 in Polearms
   230 | D:1      | Reached XP level 2. HP: 22/24 MP: 2/2
  1023 | D:2      | Noticed Sigmund
  1088 | D:3      | Found Gozag's Platinum Reserve.
  1135 | D:3      | Reached XP level 3. HP: 24/29 MP: 3/3
  1354 | D:3      | Found an opulent altar of Gozag.
  1416 | D:3      | Reached skill level 4 in Polearms
  1707 | D:3      | Found a blossoming altar of Fedhas.
  2075 | D:4      | Reached XP level 4. HP: 27/36 MP: 3/3
  2311 | D:3      | Reached skill level 5 in Polearms
  2543 | D:3      | Became a worshipper of Fedhas Madash
  2813 | D:4      | Reached XP level 5. HP: 38/41 MP: 4/4
  2851 | D:4      | Acquired Fedhas' first power
  3236 | D:4      | Noticed an ogre
  3268 | D:4      | Reached skill level 6 in Polearms
  3324 | D:4      | Killed an ogre
  3324 | D:4      | Reached XP level 6. HP: 33/48 MP: 5/5
  3544 | D:4      | Noticed a yak
  3623 | D:4      | Killed a yak
  3623 | D:4      | Reached skill level 7 in Polearms
  3722 | D:4      | Reached XP level 7. HP: 50/55 MP: 5/5
  3949 | D:4      | Noticed a scorpion
  4000 | D:4      | Killed a scorpion
  4139 | D:5      | Entered Level 5 of the Dungeon
  4338 | D:5      | Found a glowing silver altar of Zin.
  4380 | D:5      | Reached skill level 8 in Polearms
  5355 | D:6      | Reached skill level 9 in Polearms
  5355 | D:6      | Reached XP level 8. HP: 61/61 MP: 6/6
  5526 | D:6      | Reached skill level 10 in Polearms
  6286 | D:6      | Acquired Fedhas' second power
  6365 | D:7      | Noticed Chronobunny's ghost (experienced OgBe)
  6401 | D:7      | Found Pnanas' Gadget Boutique.
  6527 | D:7      | Noticed Dowan
  6667 | D:7      | Noticed Duvessa
  6770 | D:7      | Noticed Menkaure
  6776 | D:7      | Noticed Prince Ribbit
  6789 | D:7      | Killed Prince Ribbit
  6789 | D:7      | Reached XP level 9. HP: 13/70 MP: 7/7
  6793 | D:7      | HP: 2/70 [cloud of flame (16)]
  6796 | D:7      | Engulfed by a cloud of flame

Action                   |  1- 3 |  4- 6 |  7- 9 || total
-------------------------+-------+-------+-------++-------
Melee: Trident           |   143 |   184 |   282 ||   609
Throw: Throwing net      |       |     2 |       ||     2
Invok: Evolution         |       |       |     2 ||     2
Evoke: Wand              |       |       |     3 ||     3
  Use: Scroll            |       |     5 |    13 ||    18
       Potion            |       |       |     4 ||     4
 Stab: Held in net/web   |       |     1 |       ||     1
  Eat: Chunk             |     2 |     4 |     9 ||    15

Action                   |  1- 3 |  4- 6 |  7- 9 || total
-------------------------+-------+-------+-------++-------
Melee: Trident           |   143 |   184 |   282 ||   609
Throw: Throwing net      |       |     2 |       ||     2
Invok: Evolution         |       |       |     2 ||     2
Evoke: Wand              |       |       |     3 ||     3
  Use: Scroll            |       |     5 |    13 ||    18
       Potion            |       |       |     4 ||     4
 Stab: Held in net/web   |       |     1 |       ||     1
  Eat: Chunk             |     2 |     4 |     9 ||    15

Action                   |  1- 3 |  4- 6 |  7- 9 || total
-------------------------+-------+-------+-------++-------
Melee: Trident           |   143 |   184 |   282 ||   609
Throw: Throwing net      |       |     2 |       ||     2
Invok: Evolution         |       |       |     2 ||     2
Evoke: Wand              |       |       |     3 ||     3
  Use: Scroll            |       |     5 |    13 ||    18
       Potion            |       |       |     4 ||     4
 Stab: Held in net/web   |       |     1 |       ||     1
  Eat: Chunk             |     2 |     4 |     9 ||    15
